 Dungeon Crawl Stone Soup version 0.30-a0-883-g5ad918d77d (webtiles) character file.

Game seed: 13157844657321391290

152 CrazyBamboolord the Insei (level 5, 0/38 HPs)
             Began as a Merfolk Transmuter on Mar 17, 2023.
             Slain by a gnoll
             ... wielding a +0 spear
              (6 damage)
             ... on level 3 of the Dungeon.
             The game lasted 00:05:46 (2537 turns).

CrazyBamboolord the Insei (Merfolk Transmuter)      Turns: 2537, Time: 00:05:46

Health: 0/38       AC:  2    Str: 10    XL:     5   Next: 34%
Magic:  8/8        EV: 13    Int: 14    God:
Gold:   190        SH:  0    Dex: 15    Spells: 3/9 levels left

rFire   . . .      SeeInvis .      - Unarmed
rCold   . . .      Faith    .    (no shield)
rNeg    . . .      Spirit   .    a - +0 robe
rPois   .          Reflect  .    d - melded +0 helmet
rElec   .          Rampage  .    (no cloak)
rCorr   .                        (no gloves)
Will    .....                    (boots currently unavailable)
Stlth   ++                       (no amulet)
HPRegen 0.26/turn                (no ring)
MPRegen 0.11/turn                (no ring)

@: appendages (expiring)
A: horns 2, (nimble swimmer 2), mertail
a: End Transformation


You were on level 3 of the Dungeon.
You had temporarily grown beastly horns.
You visited 1 branch of the dungeon, and saw 3 of its levels.

You collected 190 gold pieces.

Inventory:

Armour
 a - a +0 robe (worn)
 d - a +0 helmet (melded)
Scrolls
 b - a scroll of magic mapping
 c - 2 scrolls of teleportation
 h - 2 scrolls of blinking
 l - a scroll of enchant armour {unknown}
 m - a scroll of identify
 n - 3 scrolls of summoning {unknown}
Potions
 e - a potion of brilliance
 f - a potion of magic {unknown}
 g - 2 potions of curing
 i - a potion of haste {unknown}
 j - 2 potions of berserk rage {unknown}
 k - a potion of heal wounds {unknown}


   Skills:
 * Level 2.2 Fighting
 * Level 3.4 Dodging
 + Level 0.4 Stealth
 * Level 4.5 Unarmed Combat
 * Level 2.5 Spellcasting
 * Level 3.5 Transmutations
 * Level 1.4 Poison Magic


You had 3 spell levels left.
You knew the following spells:

 Your Spells              Type           Power      Damage    Failure   Level
a - Beastly Appendage     Tmut           22%        N/A       5%          1
b - Wereblood             Tmut           11%        N/A       8%          2
c - Spider Form           Tmut/Pois      8%         N/A       24%         3

Your spell library contained the following spells:

 Spells                   Type           Power      Damage    Failure   Level
 Cigotuvi's Dreadful Rot  Necr/Pois/Air  6%         N/A       28%         2
 Ice Form                 Ice/Tmut       6%         N/A       71%         4
 Dispel Undead            Necr           1%         3d6       92%         4
 Death Channel            Necr           0%         N/A       100%        6


Dungeon Overview and Level Annotations

Branches:
Dungeon (3/15)

Altars:
Ashenzari
Makhleb
Okawaru
Sif Muna


Innate Abilities, Weirdness & Mutations

You have temporarily grown beastly horns.
((You are very nimble when in or above water. (Stealth+, EV+, Speed+++)))
Your lower body shifts to a powerful aquatic tail in water.


Message History

You punch the goblin!
You kill the goblin!
Your transformation is almost over.
Your horns disappear.
Your +0 helmet unmelds from your body.
You see here a +0 dagger.
A gnoll comes into view. It is wielding a +0 club.
A gnoll is nearby!
A gnoll is nearby!
A gnoll is nearby!
Casting: Beastly Appendage (safe; 5% risk of failure)
Press: ? - help, Q - select action, (/) - cycle Dir - look around, f - activate You grow a pair of large bovine horns.
Your +0 helmet melds into your body.
The gnoll shouts!
A gnoll comes into view. It is wielding a +0 spear.
A gnoll comes into view. It is wielding a +0 club.
The gnoll shouts!
The gnoll hits you from afar with a +0 spear.
The gnoll attacks as you move away! The gnoll hits you with a +0 club!
You hit the gnoll.
The gnoll is lightly wounded.
The gnoll completely misses you.
The gnoll hits you from afar with a +0 spear!
You closely miss the gnoll.
The gnoll is lightly wounded.
The gnoll hits you with a +0 club.
The gnoll hits you from afar with a +0 spear.
* * * LOW HITPOINT WARNING * * *
The gnoll attacks as you move away! The gnoll hits you with a +0 club!
* * * LOW HITPOINT WARNING * * *
It was a potion of curing.
You feel better. The gnoll closely misses you.
The gnoll hits you from afar with a +0 spear.
* * * LOW HITPOINT WARNING * * *
The gnoll attacks as you move away! The gnoll closely misses you.
Your transformation is almost over.
There is a stone staircase leading up here.
The gnoll hits you with a +0 club.
* * * LOW HITPOINT WARNING * * *
The gnoll hits you from afar with a +0 spear.
You die...

.#.#.#.##.#..##.#.#....,,,,,,,,**
.#.#.#.##.#..##.#..,.###*,*******
...................,.# *,* *
.......##.#.##.....,,* *,* *
..............§§#.#..# *,* *
.#..##.##.##..§§#.#..##**,*******
.#..##.##.##..§§#.#...,,,,,,,,,,,
.#...#.##.##..#.#.#..#***,*******
.#.#.#.##...)...@.#..# **,***
..............#.#g#..# *,,,,*
.................g...# *,,..*
##.#.#.#.####..)...g.###....*****
#.#.#...# #.#.##.........?,,,,,
#.#..>..# #.#.##.#.####.#******
#.#####.# #.######.# *,*
##.#####.####.##..##.####.##
...........##.#....#.......#


You could see 3 gnolls.

Vanquished Creatures
  Jessica (D:3)
  2 adders
  A worm (D:3)
  7 dart slugs
  5 orcs (D:3)
  2 ball pythons (D:2)
  8 endoplasms
  2 giant cockroaches
  8 goblins
  10 hobgoblins
  4 jackals (D:1)
  5 quokkas
  6 bats
  3 frilled lizards
  6 kobolds
  8 rats
78 creatures vanquished.

Notes
Turn   | Place    | Note
-------+----------+-------------------------------------------
     0 | D:1      | CrazyBamboolord the Merfolk Transmuter began the quest for
                  | the Orb.
     0 | D:1      | Reached XP level 1. HP: 15/15 MP: 3/3
   120 | D:1      | Reached XP level 2. HP: 3/21 MP: 5/5
   408 | D:1      | Reached XP level 3. HP: 23/26 MP: 4/6
   416 | D:1      | Learned a level 2 spell: Wereblood
   420 | D:1      | Learned a level 3 spell: Spider Form
  1238 | D:1      | Reached skill level 4 in Unarmed Combat
  1242 | D:1      | Reached skill level 1 in Poison Magic
  1242 | D:1      | Reached XP level 4. HP: 13/33 MP: 7/7
  1850 | D:3      | Found a faded altar of an unknown god.
  1902 | D:3      | Found a shimmering blue altar of Sif Muna.
  1909 | D:3      | Noticed Jessica
  1920 | D:3      | Killed Jessica
  1921 | D:3      | Reached XP level 5. HP: 27/38 MP: 8/8
  2148 | D:3      | Found a burning altar of Makhleb.
  2150 | D:3      | Noticed a balrug
  2174 | D:3      | Noticed a neqoxec
  2174 | D:3      | Noticed an orange demon
  2361 | D:3      | Found an iron altar of Okawaru.
  2362 | D:3      | Found a broken altar of Ashenzari.
  2537 | D:3      | Slain by a gnoll

Illustrated notes

Levels and vault maps discovered:
D:1:      psy_arrival_conway, layout_basic, serial_rivers,
          chequers_serial_rivers_room_a, chequers_serial_rivers_marsh,
          chequers_serial_rivers_small_a, chequers_serial_rivers_room_a,
          solitary_fountain
D:2:      layout_rooms
D:3:      layout_basic, tgw_sif, makhleb_altar_promises_db,
          gammafunk_temple_overflow_pools, ebering_ecumenical_altar_mist,
          minmay_between, uniq_robin

Skill      XL: |  1  2  3  4 |
---------------+-------------+-----
Transmutations | 3 |  3.5
Dodging        | 3 |  3.4
Unarmed Combat | 4 |  4.5
Poison Magic   | 1 |  1.4
Fighting       | 2 |  2.2
Stealth        | |  0.4
Spellcasting   | |  2.5

Action                     |  1- 3 |  4- 6 || total
---------------------------+-------+-------++-------
  Melee: Unarmed           |   114 |   114 ||   228
         Headbutt          |    12 |    16 ||    28
         Punch             |     5 |     3 ||     8
         Tailslap          |     1 |     2 ||     3
   Cast: Beastly Appendage |    14 |    25 ||    39
    Use: Potion            |     1 |     1 ||     2
         Scroll            |       |     5 ||     5
   Stab: Sleeping          |       |     2 ||     2
 Armour: Robe              |    18 |    17 ||    35
         Skin              |     4 |       ||     4
  Dodge: Dodged            |    93 |    76 ||   169

Table legend: (Time is in decaauts)
 A = Elapsed time spent in this place.
 B = Non-inter-level travel time spent in this place.
 C = Inter-level travel time spent in this place.
 D = Time resting spent in this place.
 E = Time spent auto-exploring this place.
 F = Levels seen in this place.
 G = Mean time per level.
                   A        B        C        D        E       F      G
               +--------+--------+--------+--------+--------+-----+--------+
         Total |   2510 |   2480 |     30 |    105 |   1784 |   3 |  836.7 |
       Dungeon |   2510 |   2480 |     30 |    105 |   1784 |   3 |  836.7 |
               +--------+--------+--------+--------+--------+-----+--------+

Top non-repeatable levels by time:
     D:1: 1332 daAuts
     D:3: 679 daAuts
     D:2: 498 daAuts
